Construct Section Command Post
Selects Air and Sea Battlegroup
Construct Platoon Command Post
Selects Commando Section Paradrop
Selects M1 Pack Howitzer Paradrop
M1 Pack Howitzer Paradrop
6-pounder Anti-tank Gun Team
Commando Section Paradrop
M1 Pack Howitzer Paradrop
Construct Company Command Post
Unlock M3 Grant Medium Tanks
Unlock Towed 17-pounder Anti-tank Guns
17-pounder Anti-tank Gun Team
Selects Incendiary Bombing Run
Selects Incendiary Bombing Run
Selects Centaur Medium Tank